 Dungeon Crawl Stone Soup version 0.28-a0-872-g80cf8599ee (webtiles) character file.

Game seed: 3642043609055164809

204 Crownlay the Digger (level 5, -1/28 HPs)
             Began as a Gargoyle Earth Elementalist on Nov 20, 2021.
             Slain by Edmund (11 damage)
             ... on level 4 of the Dungeon.
             The game lasted 00:05:31 (3887 turns).

Crownlay the Digger (Gargoyle Earth Elementalist)   Turns: 3887, Time: 00:05:31

Health: -1/28      AC: 11    Str: 11    XL:     5   Next: 82%
Magic:  7/11       EV: 11    Int: 17    God:
Gold:   138        SH:  0    Dex: 10    Spells: 9/13 levels left

rFire   . . .      SeeInvis .   e - +1 spear (vorpal)
rCold   . . .      Faith    .   (no shield)
rNeg    + . .      Spirit   .   b - +0 robe
rPois   ∞          Reflect  .   g - +0 helmet
rElec   +          Harm     .   (no cloak)
rCorr   .          Rampage  .   (no gloves)
Will    .....                   (no boots)
Stlth   ++........              (no amulet)
HPRegen 0.09/turn               h - +4 ring of protection
MPRegen 0.12/turn               (no ring)

@: no status effects
A: sickness immunity, AC +4, negative energy resistance 1, electricity
resistance, torment resistance 1, petrification resistance
a: no special abilities


You were on level 4 of the Dungeon.
You visited 1 branch of the dungeon, and saw 4 of its levels.
You also visited: Sewer.

You collected 138 gold pieces.

Inventory:

Hand Weapons
 e - a +1 vorpal spear (weapon)
Missiles
 c - 58 stones
Armour
 b - a +0 robe (worn)
 g - a +0 helmet (worn)
Jewellery
 h - a +4 ring of protection (left hand)
 j - a ring of wizardry
Scrolls
 d - a scroll of vulnerability
 k - 2 scrolls of fear
 l - a scroll of amnesia {unknown}
 m - 2 scrolls of brand weapon {unknown}
Potions
 a - 4 potions of magic {unknown}
 f - a potion of flight {unknown}
 i - 2 potions of haste {unknown}
 n - a potion of invisibility {unknown}
 o - a potion of heal wounds {unknown}
 p - a potion of cancellation {unknown}
 q - a potion of resistance {unknown}


   Skills:
 - Level 1.5 Dodging
 - Level 2.1 Stealth
 * Level 4.5 Spellcasting
 - Level 0.7 Transmutations
 + Level 5.2 Earth Magic


You had 9 spell levels left.
You knew the following spells:

 Your Spells              Type           Power      Damage    Failure   Level
a - Sandblast             Erth           42%        2d11      1%          1
b - Stone Arrow           Conj/Erth      24%        3d8       16%         3

Your spell library contained the following spells:

 Spells                   Type           Power      Damage    Failure   Level
 Passwall                 Tmut/Erth      11%        N/A       7%          2
 Petrify                  Tmut/Erth      14%        N/A       41%         4


Dungeon Overview and Level Annotations

Branches:
Dungeon (4/15)              Sewer (visited)
 Temple: D:4-7

Altars:

Shops:
D:1 *

Annotations:
D:4 Edmund


Innate Abilities, Weirdness & Mutations

You are immune to sickness and miasma.
Your stone body is resilient. (AC +4)
You are immune to poison.
You resist negative energy. (rN+)
You are resistant to electric shocks. (rElec)
You are resistant to unholy torment.
You are immune to petrification.


Message History

c - 62 stones (gained 19)
Found a stone staircase leading up.
Found a spear.
You now have 138 gold pieces (gained 14).
Edmund the Younger comes into view.
He is wielding a +1 flail of holy wrath.
Edmund is nearby!
An orc priest comes into view. It is wielding a +0 dagger.
Edmund shouts!
You hear a shout!
An orc wizard comes into view. It is wielding a +0 dagger.
An orc comes into view. It is wielding a +0 flail.
The blast of sand hits the orc priest!
The orc priest is heavily wounded.
The orc shouts!
The blast of sand hits the orc priest.
The orc priest is heavily wounded.
The orc priest mumbles some strange prayers to Beogh against you.
Beogh smites you!
An orc comes into view. It is wielding a +0 dagger.
The orc shouts!
An ogre comes into view. It is wielding a +0 giant spiked club.
The orc priest hits you but does no damage.
The blast of sand hits the orc priest.
The orc priest is severely wounded.
The orc priest hits you but does no damage.
You miscast Sandblast.
You are very lightly contaminated with residual magic.
Nothing appears to happen.
The orc wizard casts a spell at you. You resist with some effort.
Casting: Sandblast (safe; 1% risk of failure)
Confirm with . or Enter, or press ? or * to list all spells.
Aiming: Sandblast (safe; 1% risk of failure)
Press: ? - help, Shift-Dir - straight line, f/p - orc priest
Aim: an orc priest, wielding a +0 dagger and wearing a +0 leather armour (severely wounded, 81% to hit)
The blast of sand hits the orc priest!
You kill the orc priest!
Your magical contamination has completely faded away.
Edmund hits you with a +1 flail of holy wrath!
Edmund hits you with a +1 flail of holy wrath!
You die...

. #.....##..............
.....##..##..<...........
#... ##...###........##.
#.... #.#.# #.###.....##
#..#.###.#.#.... #......#
#....#.#####. #.......
##......### #...##..
.......o.@.# #..####.
.#..#.#..#@#.# #.. #.
....#.#..###o# #.. .>.
........o..o.# ## ##.
....##...#o.## #.. .
##.##### ##. #.. ... ##.#
... .. ... .o. ...


You could see Edmund and an orc.

Vanquished Creatures
  An orc priest (D:4)
  A jelly (D:4)
  A river rat (D:3)
  4 adders
  2 worms (D:3)
  2 dart slugs
  9 bats
  5 endoplasms
  A giant cockroach (D:1)
  7 goblins
  5 hobgoblins
  9 jackals
  6 quokkas (D:1)
  6 ball pythons
  11 frilled lizards
  11 kobolds
  8 rats
89 creatures vanquished.

Vanquished Creatures (others)
  15 plants (Sewer)
15 creatures vanquished.

Grand Total: 104 creatures vanquished

Notes
Turn   | Place    | Note
-------+----------+-------------------------------------------
     0 | D:1      | Crownlay the Gargoyle Earth Elementalist began the quest
                  | for the Orb.
     0 | D:1      | Reached XP level 1. HP: 10/10 MP: 3/3
   137 | D:1      | Reached XP level 2. HP: 7/15 MP: 1/5
   447 | D:1      | Found Awamn's General Store.
   452 | D:1      | Reached skill level 4 in Earth Magic
   685 | D:1      | Reached XP level 3. HP: 19/19 MP: 4/7
  1895 | D:2      | Reached XP level 4. HP: 20/24 MP: 9/9
  1991 | D:2      | Found a faded altar of an unknown god.
  2339 | D:3      | Learned a level 3 spell: Stone Arrow
  2588 | D:3      | Found a glowing drain.
  2596 | Sewer    | Entered a sewer
  2913 | Sewer    | Reached XP level 5. HP: 28/28 MP: 11/11
  3819 | D:4      | Reached skill level 5 in Earth Magic
  3870 | D:4      | Noticed Edmund
  3875 | D:4      | Noticed an ogre
  3887 | D:4      | Slain by Edmund

Illustrated notes

Levels and vault maps discovered:
D:1:      sevenhm_arrival_forest_fort_small_4, layout_loops_ring, serial_shops,
          shop_statue
D:2:      layout_loops_ring, shapermc_ecumenical_altar_petra
D:3:      layout_rooms, lightli_sewer_entry_pipes
D:4:      layout_cave_pools, temple_green, nrook_mini_backslash,
          minmay_misc_feat_hallway, serial_bayou_crossing, uniq_robin,
          uniq_edmund

Skill      XL: |  1  2  3  4  5 |
---------------+----------------+-----
Earth Magic    | 4 5 |  5.2
Spellcasting   | 3 4 |  4.5
Dodging        | |  1.5
Stealth        | |  2.1
Transmutations | |  0.7

Action                   |  1- 3 |  4- 6 || total
-------------------------+-------+-------++-------
Melee: Dagger            |    74 |       ||    74
       Spear             |    67 |   185 ||   252
 Cast: Sandblast         |    14 |    23 ||    37
  Use: Scroll            |       |     4 ||     4
 Stab: Sleeping          |     7 |       ||     7
Armor: Robe              |    71 |   100 ||   171
Dodge: Dodged            |   110 |   101 ||   211

Table legend: (Time is in decaauts)
 A = Elapsed time spent in this place.
 B = Non-inter-level travel time spent in this place.
 C = Inter-level travel time spent in this place.
 D = Time resting spent in this place.
 E = Time spent auto-exploring this place.
 F = Levels seen in this place.
 G = Mean time per level.
                   A        B        C        D        E       F      G
               +--------+--------+--------+--------+--------+-----+--------+
         Total |   4135 |   4036 |     99 |      0 |   3156 |   5 |  827.0 |
       Dungeon |   3150 |   3051 |     99 |      0 |   2398 |   4 |  787.5 |
         Sewer |    984 |    984 |      0 |      0 |    757 |   1 |  984.0 |
               +--------+--------+--------+--------+--------+-----+--------+

Top non-repeatable levels by time:
     D:1: 1319 daAuts
   Sewer: 984 daAuts
     D:2: 962 daAuts
     D:3: 775 daAuts
     D:4: 92 daAuts
